[Event "4th Memorial Warakomska-B 2020"]
[Site "Suwalki"]
[Date "2020.08.13"]
[Round "9.12"]
[White "Lukasik, Zuzanna"]
[Black "Bancarewicz, Aleks"]
[Result "0-1"]
[ECO "B50"]
[WhiteElo "1553"]
[BlackElo "1781"]
[Annotator "NA RC"]
[PlyCount "118"]
[EventDate "2020.08.06"]
[EventType "swiss"]
[EventCountry "POL"]
[SourceTitle "playchess.com"]
[Source "ChessBase"]
[SourceQuality "1"]
[TimeControl "40/5400+30:1800+30"]

1. e4 c5 2. Nf3 d6 3. c3 Nf6 4. Be2 Nbd7 5. Qc2 Qc7 6. d3 g6 7. a4 Bg7 8. Na3 O-O 9. Bd2 a6 10. O-O b6 11. Rac1 Bb7 12. b4 d5 13. exd5 Nxd5 14. Qb3 Rac8 15. d4 cxb4 16. cxb4 Qb8 17. Rxc8 Rxc8 18. Rc1 Rxc1+ 19. Bxc1 e6 20. Bd2 h6 21. b5 a5 22. Nc4 Nf4 23. Bxf4 Qxf4 24. Qe3 Qc7 25. Qd3 Nf6 26. Nfe5 Nd5 27. Bf3 Nb4 28. Qe2 Bd5 29. Bxd5 exd5 30. Nd2 Nc2 31. Nef3 Nxd4 32. Nxd4 Bxd4 33. Nf3 Qc1+ 34. Qf1 Qc5 35. h3 Kg7 36. Qe2 Bf6 37. Qd2 d4 38. Ne1 Qa3 39. Qc2 Qa1 40. Kf1 d3 41. Qxd3 Qxa4 42. Nc2 Qf4 43. Ne3 Bd4 44. Ke2 Qe5 45. Kd1 Bxe3 46. fxe3 Kh7 47. Ke2 h5 48. Qd7 Qe6 49. Qc6 Kg7 50. Qc3+ Qf6 51. Qc6 a4 52. Kd3 a3 53. Qc2 Qf1+ 54. Kc3 Qxb5 55. Qb3 Qxb3+ 56. Kxb3 Kf6 57. Kxa3 Ke5 58. Kb4 Ke4 59. Kb5 Kxe3 0-1

[Event "4th Memorial Warakomska-B 2020"]
[Site "Suwalki"]
[Date "2020.08.13"]
[Round "9.13"]
[White "Ciszewski, Krzysztof"]
[Black "Borowik, Karol"]
[Result "1-0"]
[ECO "E70"]
[WhiteElo "1728"]
[BlackElo "1426"]
[Annotator "NA RC"]
[PlyCount "73"]
[EventDate "2020.08.06"]
[EventType "swiss"]
[EventCountry "POL"]
[SourceTitle "playchess.com"]
[Source "ChessBase"]
[SourceQuality "1"]
[TimeControl "40/5400+30:1800+30"]

1. d4 Nf6 2. c4 g6 3. Nc3 Bg7 4. e4 O-O 5. h3 d6 6. Be3 Nc6 7. d5 Nb4 8. g4 c5 9. Nf3 Bd7 10. Nd2 b6 11. Be2 a5 12. h4 e5 13. h5 Qe7 14. a3 Na6 15. Nf1 Rab8 16. Ng3 Nc7 17. a4 Rb7 18. f3 Na6 19. Qd2 Nb4 20. Rc1 Rd8 21. Kf2 Be8 22. Rcg1 Bd7 23. Ke1 Ne8 24. Rh2 f6 25. hxg6 hxg6 26. Bh6 g5 27. Rgh1 Bxh6 28. Rxh6 Ng7 29. Nh5 Nxh5 30. R1xh5 Qg7 31. Kf2 Be8 32. Rh2 Bg6 33. Nd1 Kf7 34. Ne3 Rbb8 35. Qe1 Rh8 36. Qh1 Rxh6 37. Rxh6 1-0

[Event "4th Memorial Warakomska-B 2020"]
[Site "Suwalki"]
[Date "2020.08.13"]
[Round "9.14"]
[White "Cwiek, Stefan"]
[Black "Kitewski, Bartosz"]
[Result "0-1"]
[ECO "C06"]
[WhiteElo "1349"]
[BlackElo "1718"]
[Annotator "NA RC"]
[PlyCount "70"]
[EventDate "2020.08.06"]
[EventType "swiss"]
[EventCountry "POL"]
[SourceTitle "playchess.com"]
[Source "ChessBase"]
[SourceQuality "1"]
[TimeControl "40/5400+30:1800+30"]

1. e4 e6 2. d4 d5 3. Nd2 Nf6 4. e5 Nfd7 5. Bd3 c5 6. c3 Nc6 7. Ne2 cxd4 8. cxd4 f6 9. exf6 Nxf6 10. O-O Bd6 11. Nf3 Qc7 12. h3 O-O 13. Nc3 a6 14. Re1 Bd7 15. Ne5 Nxe5 16. dxe5 Bxe5 17. Bd2 Bd4 18. Qe2 Rae8 19. Rac1 Qb6 20. Be3 e5 21. b3 Bxe3 22. fxe3 Rc8 23. Kh1 Qb4 24. Qb2 Qh4 25. e4 Ng4 26. Qd2 Nf2+ 27. Kg1 Qg3 28. Re3 Nxh3+ 29. Kh1 Nf2+ 30. Kg1 Qh4 31. Rh3 Bxh3 32. gxh3 Qg3+ 33. Kf1 Nxe4+ 34. Ke2 Qf2+ 35. Kd1 Qxd2# 0-1

[Event "4th Memorial Warakomska-B 2020"]
[Site "Suwalki"]
[Date "2020.08.06"]
[Round "9.15"]
[White "Kasperczyk, Szymon"]
[Black "Wisniewski, Wiktor"]
[Result "1-0"]
[ECO "E71"]
[WhiteElo "1711"]
[BlackElo "1075"]
[Annotator "NA RC"]
[PlyCount "55"]
[EventDate "2020.08.06"]
[EventType "swiss"]
[EventCountry "POL"]
[SourceTitle "playchess.com"]
[Source "ChessBase"]
[SourceQuality "1"]
[TimeControl "40/5400+30:1800+30"]

1. d4 g6 2. e4 Bg7 3. c4 c5 4. d5 d6 5. Nc3 Nf6 6. Bd3 O-O 7. h3 Bd7 8. Nf3 e6 9. O-O Ne8 10. Bg5 Qb6 11. Qb3 Qxb3 12. axb3 Nc7 13. Be7 Re8 14. Bxd6 Nba6 15. e5 Rac8 16. Be4 f5 17. dxe6 Bc6 18. Bxc6 bxc6 19. e7 Nb4 20. Rxa7 Ne6 21. Na4 Ra8 22. Rxa8 Rxa8 23. Nxc5 Nxc5 24. Bxc5 Nd3 25. Rd1 Nxc5 26. Rd8+ Rxd8 27. exd8=Q+ Kf7 28. Ng5# 1-0

[Event "4th Memorial Warakomska-B 2020"]
[Site "Suwalki"]
[Date "2020.08.06"]
[Round "9.16"]
[White "Kopaczewski, Zbigniew"]
[Black "Palejko, Maria"]
[Result "0-1"]
[ECO "A13"]
[WhiteElo "1488"]
[BlackElo "1218"]
[Annotator "NA RC"]
[PlyCount "62"]
[EventDate "2020.08.06"]
[EventType "swiss"]
[EventCountry "POL"]
[SourceTitle "playchess.com"]
[Source "ChessBase"]
[SourceQuality "1"]
[TimeControl "40/5400+30:1800+30"]

1. e3 e6 2. b3 d5 3. Bb2 Nf6 4. c4 Be7 5. Nf3 O-O 6. Nc3 c5 7. d4 Nbd7 8. cxd5 exd5 9. dxc5 Nxc5 10. Be2 Bf5 11. O-O Rc8 12. Nd4 Bg6 13. b4 Nce4 14. Nxe4 Nxe4 15. Bg4 Rc4 16. a3 Bf6 17. Rc1 a6 18. Be2 Bxd4 19. Bxd4 Rxc1 20. Qxc1 Qd7 21. Qb2 f6 22. f3 Nd6 23. Qb3 Bf7 24. a4 Nf5 25. Bc5 Re8 26. Qa3 Qe6 27. Kf2 d4 28. e4 b6 29. Bd3 bxc5 30. exf5 Qe5 31. Kg1 cxb4 0-1

[Event "4th Memorial Warakomska-B 2020"]
[Site "Suwalki"]
[Date "2020.08.06"]
[Round "9.17"]
[White "Szewczyk, Malwina"]
[Black "Jaszczuk, Piotr"]
[Result "0-1"]
[ECO "D05"]
[WhiteElo "1323"]
[BlackElo "1283"]
[Annotator "NA RC"]
[PlyCount "118"]
[EventDate "2020.08.06"]
[EventType "swiss"]
[EventCountry "POL"]
[SourceTitle "playchess.com"]
[Source "ChessBase"]
[SourceQuality "1"]
[TimeControl "40/5400+30:1800+30"]

1. d4 Nf6 2. Nf3 e6 3. e3 b6 4. Bd3 Bb7 5. Nbd2 d5 6. O-O Bd6 7. b3 Nbd7 8. Bb2 O-O 9. Ne5 Ne4 10. Bxe4 dxe4 11. Nxd7 Qxd7 12. Qg4 f5 13. Qe2 Qe7 14. g3 Rad8 15. f3 exf3 16. Nxf3 c5 17. a4 h6 18. Nh4 Qc7 19. Ng6 Rfe8 20. Nf4 Bxf4 21. Rxf4 Qc6 22. Kf2 Qg2+ 23. Ke1 Qxe2+ 24. Kxe2 Be4 25. c3 cxd4 26. exd4 e5 27. dxe5 Rxe5 28. Kf1 Rd2 29. Ba3 Bd3+ 30. Kg1 Ree2 31. Rh4 Rg2+ 32. Kh1 Be4 33. Rxe4 fxe4 34. Re1 Rxh2+ 35. Kg1 Rdg2+ 36. Kf1 Rh1+ 37. Kxg2 Rxe1 38. Kf2 Rb1 39. b4 Rb3 40. Bc1 Rxc3 41. Bd2 Ra3 42. a5 bxa5 43. bxa5 Rf3+ 44. Kg2 g5 45. g4 Ra3 46. Bb4 Ra4 47. Be1 Kf7 48. Kf2 Ke6 49. Ke3 Kd5 50. Bd2 Ra3+ 51. Kf2 Kd4 52. Be1 e3+ 53. Kf1 Kd3 54. a6 Ra1 55. Kg2 Rxe1 56. Kg3 Rg1+ 57. Kh2 Rxg4 58. Kh3 e2 59. Kxg4 e1=Q 0-1

[Event "4th Memorial Warakomska-B 2020"]
[Site "Suwalki"]
[Date "2020.08.06"]
[Round "9.18"]
[White "Wysocka, Edyta"]
[Black "Zapalowska, Wiktoria"]
[Result "1-0"]
[ECO "B47"]
[WhiteElo "1327"]
[BlackElo "1250"]
[Annotator "NA RC"]
[PlyCount "55"]
[EventDate "2020.08.06"]
[EventType "swiss"]
[EventCountry "POL"]
[SourceTitle "playchess.com"]
[Source "ChessBase"]
[SourceQuality "1"]
[TimeControl "40/5400+30:1800+30"]

1. e4 c5 2. Nf3 e6 3. d4 cxd4 4. Nxd4 Nc6 5. Nc3 Qc7 6. Be2 a6 7. a3 Nf6 8. Nb3 Be7 9. O-O O-O 10. Kh1 Rd8 11. f4 d5 12. e5 Nd7 13. Be3 b6 14. Qe1 Bb7 15. Qg3 Nc5 16. Nd4 Rac8 17. Rad1 Nxd4 18. Bxd4 b5 19. Bg4 Bf8 20. f5 exf5 21. Bxf5 Ne6 22. Qh3 g6 23. Bxe6 fxe6 24. Qxe6+ Kh8 25. Rf7 Qb8 26. Qf6+ Kg8 27. e6 Rc7 28. Qh8# 1-0

[Event "4th Memorial Warakomska-B 2020"]
[Site "Suwalki"]
[Date "2020.08.06"]
[Round "9.19"]
[White "Dietrich, Grzegorz"]
[Black "Gladyszewska, Kinga"]
[Result "0-1"]
[ECO "C56"]
[WhiteElo "1210"]
[BlackElo "1312"]
[Annotator "NA RC"]
[PlyCount "78"]
[EventDate "2020.08.06"]
[EventType "swiss"]
[EventCountry "POL"]
[SourceTitle "playchess.com"]
[Source "ChessBase"]
[SourceQuality "1"]
[TimeControl "40/5400+30:1800+30"]

1. e4 e5 2. Nf3 Nc6 3. d4 exd4 4. Bc4 Nf6 5. e5 d5 6. Bb5 Ne4 7. Nxd4 Bd7 8. Bxc6 bxc6 9. O-O Bc5 10. Be3 Bb6 11. f3 Ng5 12. f4 Ne4 13. Nd2 c5 14. Nxe4 cxd4 15. Bxd4 dxe4 16. Bxb6 axb6 17. Qd4 O-O 18. Qxe4 Qe7 19. a3 Qc5+ 20. Rf2 Rfe8 21. b4 Qc3 22. Rd1 Bc6 23. Qd3 Rxa3 24. Qxc3 Rxc3 25. Rfd2 Ba4 26. Rc1 Rc4 27. g3 Rxb4 28. c3 Re4 29. Kf2 Bc6 30. c4 g5 31. Re2 gxf4 32. gxf4 Rxf4+ 33. Kg3 Rf3+ 34. Kg4 Re6 35. Rd1 Rg6+ 36. Kh4 Rf4+ 37. Kh3 Rxc4 38. Rd8+ Kg7 39. Re3 Bg2# 0-1

[Event "4th Memorial Warakomska-B 2020"]
[Site "Suwalki"]
[Date "2020.08.06"]
[Round "9.20"]
[White "Wiszniewska, Gabriela"]
[Black "Kaznowska, Weronika"]
[Result "1/2-1/2"]
[ECO "C40"]
[WhiteElo "1194"]
[BlackElo "1594"]
[Annotator "NA RC"]
[PlyCount "73"]
[EventDate "2020.08.06"]
[EventType "swiss"]
[EventCountry "POL"]
[SourceTitle "playchess.com"]
[Source "ChessBase"]
[SourceQuality "1"]
[TimeControl "40/5400+30:1800+30"]

1. e4 Nc6 2. Nf3 f5 3. d3 e5 4. Nc3 Bb4 5. Bd2 Bxc3 6. bxc3 d6 7. exf5 Bxf5 8. d4 exd4 9. Nxd4 Qe7+ 10. Qe2 Nxd4 11. cxd4 Kf7 12. O-O-O Qxe2 13. Bxe2 Ne7 14. Rhe1 Rhe8 15. Bf3 c6 16. Re3 a6 17. Rb3 b5 18. Rc3 Rac8 19. Re1 g6 20. Rxe7+ Kxe7 21. Bxc6 Red8 22. Bb7 b4 23. Re3+ Kf6 24. Bxc8 Rxc8 25. c3 bxc3 26. Rxc3 Rxc3+ 27. Bxc3 Ke6 28. Kb2 Bd3 29. g3 d5 30. Ba5 Kf5 31. h4 Bb5 32. Kb3 Bc4+ 33. Kb2 Bb5 34. a3 Ba4 35. Kc1 Ke4 36. Kd2 Bb5 37. Bc3 1/2-1/2

[Event "4th Memorial Warakomska-B 2020"]
[Site "Suwalki"]
[Date "2020.08.06"]
[Round "9.21"]
[White "Pietryk, Joanna"]
[Black "Pieczulis, Hubert"]
[Result "0-1"]
[ECO "C05"]
[WhiteElo "1329"]
[BlackElo "1486"]
[Annotator "NA RC"]
[PlyCount "90"]
[EventDate "2020.08.06"]
[EventType "swiss"]
[EventCountry "POL"]
[SourceTitle "playchess.com"]
[Source "ChessBase"]
[SourceQuality "1"]
[TimeControl "40/5400+30:1800+30"]

1. e4 e6 2. d4 d5 3. Nd2 Nf6 4. e5 Nfd7 5. f4 c5 6. c3 Nc6 7. Ndf3 cxd4 8. cxd4 a6 9. Ne2 Qa5+ 10. Kf2 f6 11. g3 Be7 12. Bh3 f5 13. Rg1 Nf8 14. Kg2 Bd7 15. a3 Rc8 16. Bd2 Qd8 17. Kh1 Na5 18. Bxa5 Qxa5 19. Nc3 Bb5 20. g4 g6 21. gxf5 gxf5 22. Ng5 Bxg5 23. Rxg5 Ng6 24. Qh5 Ke7 25. Qh6 Rcg8 26. Rc1 Bd7 27. Rcg1 Qb6 28. Rh5 Qxb2 29. Bxf5 Qxc3 30. Bxg6 Qf3+ 31. Rg2 Rxg6 32. Qxg6 hxg6 33. Rxh8 Bb5 34. Rg8 Bf1 35. R8xg6 Bxg2+ 36. Rxg2 Qf1+ 37. Rg1 Qxf4 38. h3 Qxd4 39. Kg2 Qxe5 40. Rh1 Qe4+ 41. Kg1 Qxh1+ 42. Kxh1 Kf6 43. Kg2 e5 44. Kf3 Kg5 45. Kg3 b5 0-1

[Event "4th Memorial Warakomska-B 2020"]
[Site "Suwalki"]
[Date "2020.08.06"]
[Round "9.22"]
[White "Harasimczuk, Jakub"]
[Black "Peksa, Zuzanna"]
[Result "1-0"]
[ECO "D93"]
[WhiteElo "1400"]
[BlackElo "1146"]
[Annotator "NA RC"]
[PlyCount "85"]
[EventDate "2020.08.06"]
[EventType "swiss"]
[EventCountry "POL"]
[SourceTitle "playchess.com"]
[Source "ChessBase"]
[SourceQuality "1"]
[TimeControl "40/5400+30:1800+30"]

1. d4 d5 2. c4 c6 3. Nc3 g6 4. Bf4 Bg7 5. e3 Nf6 6. Nf3 O-O 7. Be2 Nbd7 8. O-O b6 9. Rc1 Bb7 10. cxd5 Nxd5 11. Nxd5 cxd5 12. Bc7 Qe8 13. Bb5 a6 14. Bc6 Bxc6 15. Rxc6 Rc8 16. Qc2 a5 17. Rc1 Nb8 18. Rxb6 Qd7 19. Rxb8 Rxb8 20. Bxb8 Rxb8 21. b3 Qb7 22. g3 e6 23. Ne1 Qb5 24. Nd3 Qb6 25. Qc5 Qa6 26. Qc7 Re8 27. Nc5 Qb5 28. Nb7 Qd3 29. Qd7 Rf8 30. Qc6 Bh6 31. Qc3 Qe2 32. Nxa5 Qxa2 33. Kf1 Qa3 34. Ra1 Qe7 35. Qc5 Qf6 36. Kg2 Rd8 37. Qc3 Qf5 38. Nc6 Rd7 39. Ne5 Re7 40. Ra8+ Kg7 41. h4 f6 42. Qc5 Rb7 43. Qf8# 1-0

[Event "4th Memorial Warakomska-B 2020"]
[Site "Suwalki"]
[Date "2020.08.06"]
[Round "9.24"]
[White "Maliszewski, Stefan"]
[Black "Jasiulewicz, Dawid"]
[Result "0-1"]
[ECO "B90"]
[WhiteElo "1083"]
[BlackElo "1374"]
[Annotator "NA RC"]
[PlyCount "62"]
[EventDate "2020.08.06"]
[EventType "swiss"]
[EventCountry "POL"]
[SourceTitle "playchess.com"]
[Source "ChessBase"]
[SourceQuality "1"]
[TimeControl "40/5400+30:1800+30"]

1. e4 c5 2. Nf3 d6 3. d4 cxd4 4. Nxd4 Nf6 5. Nc3 a6 6. Bc4 e5 7. Nf3 h6 8. O-O Be6 9. Bxe6 fxe6 10. Be3 Be7 11. Qe2 O-O 12. Rad1 Nc6 13. a3 b5 14. b4 Rc8 15. Na2 Qc7 16. Rc1 Rfe8 17. Rfd1 Nxe4 18. c4 Nf6 19. cxb5 axb5 20. Qxb5 Qb8 21. Qxb8 Nxb8 22. Rc3 Nbd7 23. Rdc1 Ra8 24. Rb1 d5 25. Rcb3 d4 26. Bd2 Nd5 27. Bc1 Bd6 28. b5 Nc5 29. R3b2 Rxa3 30. b6 Rb8 31. Bd2 Na4 0-1

[Event "4th Memorial Warakomska-B 2020"]
[Site "Suwalki"]
[Date "2020.08.06"]
[Round "9.25"]
[White "Borowik, Grzegorz"]
[Black "Kolcon, Waclaw"]
[Result "1-0"]
[ECO "D15"]
[WhiteElo "1089"]
[BlackElo "1235"]
[Annotator "NA RC"]
[PlyCount "139"]
[EventDate "2020.08.06"]
[EventType "swiss"]
[EventCountry "POL"]
[SourceTitle "playchess.com"]
[Source "ChessBase"]
[SourceQuality "1"]
[TimeControl "40/5400+30:1800+30"]

1. d4 d5 2. c4 c6 3. Nc3 Nf6 4. Nf3 a6 5. a4 e6 6. e3 g6 7. cxd5 exd5 8. Bd3 a5 9. O-O Bg7 10. e4 dxe4 11. Bxe4 Nxe4 12. Nxe4 O-O 13. Bg5 f6 14. Bf4 Qd5 15. Re1 Nd7 16. Nc3 Qf7 17. d5 cxd5 18. Nxd5 Ne5 19. Rc1 Be6 20. Rc7 Nd7 21. Nb6 Rad8 22. Rxb7 Nxb6 23. Rxf7 Rxd1 24. Rxf8+ Bxf8 25. Rxd1 Nxa4 26. Rd8 Kf7 27. Bd6 Bxd6 28. Rxd6 Nxb2 29. Nd4 Ba2 30. Rd7+ Kg8 31. Nb5 Bb3 32. Kf1 a4 33. Ra7 Bc4+ 34. Ke1 Bxb5 35. Rb7 Bc4 36. Rxb2 a3 37. Rb1 a2 38. Rc1 h5 39. Kd2 Kg7 40. g3 Bd5 41. Kc3 Be6 42. Kb2 Bd5 43. f4 f5 44. Rc7+ Kh6 45. h4 Be6 46. Ra7 Bg8 47. Kc3 Bd5 48. Kd4 Bg8 49. Kc3 Bd5 50. Kd4 Bb3 51. Ke5 Bc4 52. Kd6 Bb3 53. Ke5 Bc4 54. Kf6 Bb3 55. Ra8 Kh7 56. Kg5 Kg7 57. Ra7+ Bf7 58. Ra6 Kh7 59. Kf6 Bc4 60. Ra7+ Kh6 61. Ke7 Kg7 62. Kd6+ Kh6 63. Ke5 Bb3 64. Kf6 Bc4 65. Ra8 Kh7 66. Kg5 Kg7 67. Ra7+ Bf7 68. Ra6 Kh7 69. Kf6 Kg8 70. Ra8+ 1-0

[Event "4th Memorial Warakomska-B 2020"]
[Site "Suwalki"]
[Date "2020.08.06"]
[Round "9.26"]
[White "Zawal, Krzysztof"]
[Black "Borowik, Monika"]
[Result "0-1"]
[ECO "E87"]
[WhiteElo "1105"]
[BlackElo "1286"]
[Annotator "NA RC"]
[PlyCount "62"]
[EventDate "2020.08.06"]
[EventType "swiss"]
[EventCountry "POL"]
[SourceTitle "playchess.com"]
[Source "ChessBase"]
[SourceQuality "1"]
[TimeControl "40/5400+30:1800+30"]

1. d4 Nf6 2. c4 g6 3. Nc3 Bg7 4. e4 d6 5. f3 Nbd7 6. Be3 O-O 7. Qd2 e5 8. d5 Ne8 9. Bd3 Nc5 10. Bc2 f5 11. exf5 gxf5 12. O-O-O b6 13. Nge2 Ba6 14. Bxc5 bxc5 15. Bd3 Qh4 16. g3 Qh5 17. g4 fxg4 18. fxg4 Qxg4 19. Rdg1 Qh4 20. Ne4 Bxc4 21. Bxc4 Qxe4 22. Bd3 Qh4 23. Kb1 Rb8 24. h3 e4 25. Rg4 Qf6 26. Nc3 exd3 27. Qxd3 Qf5 28. Qxf5 Rxf5 29. Rhg1 Kh8 30. R4g3 Rf2 31. R1g2 Rbxb2+ 0-1

[Event "4th Memorial Warakomska-B 2020"]
[Site "Suwalki"]
[Date "2020.08.06"]
[Round "9.27"]
[White "Owczarz, Michal"]
[Black "Dietrich, Pawel"]
[Result "0-1"]
[ECO "B72"]
[WhiteElo "1018"]
[BlackElo "1162"]
[Annotator "NA RC"]
[PlyCount "56"]
[EventDate "2020.08.06"]
[EventType "swiss"]
[EventCountry "POL"]
[SourceTitle "playchess.com"]
[Source "ChessBase"]
[SourceQuality "1"]
[TimeControl "40/5400+30:1800+30"]

1. e4 c5 2. Nf3 d6 3. d4 cxd4 4. Nxd4 Nf6 5. Nc3 g6 6. Be3 Ng4 7. Bb5+ Nc6 8. Nxc6 bxc6 9. Bxc6+ Bd7 10. Bxa8 Nxe3 11. fxe3 Qxa8 12. Qd3 Bg7 13. O-O-O O-O 14. h3 Rb8 15. a3 Qb7 16. b3 Bxc3 17. Qxc3 Rc8 18. Qd4 Qxb3 19. Qd3 Rc3 20. Qe2 Ba4 21. Rd2 Bb5 22. Qf2 Qxa3+ 23. Kb1 Bc4 24. Re2 Qa2+ 25. Kc1 Qa3+ 26. Kd2 Qb2 27. Rc1 Rd3+ 28. Ke1 Qxc1# 0-1

[Event "4th Memorial Warakomska-B 2020"]
[Site "Suwalki"]
[Date "2020.08.06"]
[Round "9.29"]
[White "Kaznowska, Kinga"]
[Black "Krzastek, Adrian"]
[Result "0-1"]
[ECO "B72"]
[WhiteElo "1007"]
[BlackElo "1128"]
[Annotator "NA RC"]
[PlyCount "77"]
[EventDate "2020.08.06"]
[EventType "swiss"]
[EventCountry "POL"]
[SourceTitle "playchess.com"]
[Source "ChessBase"]
[SourceQuality "1"]
[TimeControl "40/5400+30:1800+30"]

1. e4 c5 2. Nf3 d6 3. d4 cxd4 4. Nxd4 Nf6 5. Nc3 g6 6. Be3 Bg7 7. Bc4 O-O 8. O-O Nc6 9. h3 Bd7 10. Re1 Ne5 11. Bb3 Qa5 12. Qd2 Rac8 13. Nd5 Qxd2 14. Nxe7+ Kh8 15. Bxd2 Rc7 16. Nd5 Nxd5 17. exd5 Nc4 18. Bc3 b6 19. a4 Na5 20. Nb5 Bxb5 21. Bxg7+ Kxg7 22. axb5 Nxb3 23. cxb3 Rc5 24. Red1 Ra8 25. Rd3 Rxb5 26. Rc1 Rc5 27. Rxc5 bxc5 28. Kf1 Kf6 29. Re3 Rb8 30. Ke1 Rb4 31. Kd2 Rd4+ 32. Rd3 Ke5 33. Ke3 Rxd3+ 34. Kxd3 Kxd5 35. f3 f5 36. f4 h6 37. b4 cxb4 38. b3 h5 39. Ke3 0-1

[Event "4th Memorial Warakomska-B 2020"]
[Site "Suwalki"]
[Date "2020.08.06"]
[Round "9.30"]
[White "Krzyszkowiak, Bozena"]
[Black "Pietryk, Hanna"]
[Result "1-0"]
[ECO "C57"]
[WhiteElo "1287"]
[BlackElo "1161"]
[Annotator "NA RC"]
[PlyCount "23"]
[EventDate "2020.08.06"]
[EventType "swiss"]
[EventCountry "POL"]
[SourceTitle "playchess.com"]
[Source "ChessBase"]
[SourceQuality "1"]
[TimeControl "40/5400+30:1800+30"]

1. e4 e5 2. Nf3 Nc6 3. Bc4 Nf6 4. Ng5 d5 5. exd5 Nxd5 6. d3 h6 7. Ne4 f5 8. Nec3 Nxc3 9. Nxc3 Bc5 10. Qh5+ Ke7 11. Qf7+ Kd6 12. Nb5# 1-0

[Event "4th Memorial Warakomska-B 2020"]
[Site "Suwalki"]
[Date "2020.08.06"]
[Round "9.31"]
[White "Zawal, Tomasz"]
[Black "Gladyszewski, Adam"]
[Result "1/2-1/2"]
[ECO "D02"]
[WhiteElo "1069"]
[BlackElo "1174"]
[Annotator "NA RC"]
[PlyCount "69"]
[EventDate "2020.08.06"]
[EventType "swiss"]
[EventCountry "POL"]
[SourceTitle "playchess.com"]
[Source "ChessBase"]
[SourceQuality "1"]
[TimeControl "40/5400+30:1800+30"]

1. d4 d5 2. Bf4 Nf6 3. e3 c6 4. Nf3 Bg4 5. Bd3 e6 6. Nbd2 Nh5 7. Bg3 Nxg3 8. hxg3 h6 9. Qe2 Bd6 10. O-O-O Nd7 11. Rh4 Nf6 12. e4 dxe4 13. Nxe4 Bxf3 14. Qxf3 Be7 15. c3 Qa5 16. Kb1 Nxe4 17. Rxe4 O-O 18. Rh1 Rad8 19. Re5 Rd5 20. Rxd5 Qxd5 21. Qxd5 exd5 22. Re1 Re8 23. Kc2 Kf8 24. f3 Bd6 25. Rxe8+ Kxe8 26. g4 Ke7 27. b3 Kf6 28. Bf5 b6 29. Kd3 Bf4 30. Bd7 c5 31. Bc6 Ke6 32. c4 dxc4+ 33. Kxc4 cxd4 34. Kxd4 a5 35. a4 1/2-1/2